 Dungeon Crawl Stone Soup version 0.30-b1-5-g8e6c1be481 (webtiles) character file.

Game seed: 2240850316417670503

140677 GnoME the Brawler (level 16, -20/173 (183) HPs)
             Began as a Troll Monk on May 5, 2023.
             Was the Champion of Qazlal.
             Killed from afar by a tengu reaver (31 damage)
             ... with a bolt of acid
             ... on level 2 of the Vaults.
             The game lasted 01:14:42 (22946 turns).

GnoME the Brawler (Troll Monk)                     Turns: 22946, Time: 01:14:42

HP:   -20/173 (183) AC: 15    Str: 31    XL:     16   Next: 76%
MP:   15/15         EV: 19    Int:  8    God:    Qazlal [******]
Gold: 3722          SH:  8    Dex: 12    Spells: 15/15 levels left

rFire   . .          .
                       - Unarmed
rCold   + . .        c - orb {light}
rNeg    . . .        C - +0 steam dragon scales
rPois   .            m - +1 hat
rElec   +            K - scarf "Plog" {repulsion, rC+ Str+2 Stlth+}
rCorr   .            (gloves unavailable)
SInv    .            (boots unavailable)
Will    +....        h - amulet of regeneration
Stlth   +            g - +5 ring of evasion
HPRegen 2.08/turn    S - ring of Due Proportion {+Blink rElec AC+4 Int+2}
MPRegen 0.14/turn

%: repel missiles
@: lethally poisoned (-20 -> -24), protected from physical damage, glowing,
studying 2 skills, drained
A: large, unfitting armour, claws 3, regeneration 1, shaggy fur 1, tough skin 1
a: Renounce Religion, Evoke Blink, Upheaval, Elemental Force, Disaster Area


You were on level 2 of the Vaults.
You worshipped Qazlal.
Qazlal was exalted by your worship.
You visited 6 branches of the dungeon, and saw 26 of its levels.
You also visited: Bailey, Gauntlet and Volcano.

You collected 4632 gold pieces.
You spent 910 gold pieces at shops.

Inventory:

Hand Weapons
 a - a +2 morningstar of flaming
   (You took it off a wight on level 5 of the Dungeon)
Missiles
 f - 141 stones (quivered)
 j - 28 poisoned darts
 F - 18 javelins
 W - 5 curare-tipped darts
Armour
 c - an orb of light (worn)
 m - a +1 hat (worn)
   (You found it on level 2 of the Dungeon)
 C - +0 steam dragon scales (worn)
   (You found it on level 6 of the Dungeon)
 K - the scarf "Plog" (worn) {repulsion, rC+ Str+2 Stlth+}
   (You acquired it in a bailey)

   Str:       It affects your strength (+2).
   rC:        It protects you from cold.
   Stlth:     It makes you more stealthy.
Jewellery
 g - a +5 ring of evasion (left claw)
   (You found it on level 10 of the Dungeon)
 h - an amulet of regeneration (around neck)
   (You found it on level 2 of the Dungeon)
 k - a ring of flight
   (You found it on level 2 of the Dungeon)
 E - a +6 ring of strength
   (You found it on level 4 of the Lair of Beasts)
 S - the ring of Due Proportion (right claw) {+Blink rElec AC+4 Int+2}
   (You found it on level 5 of the Lair of Beasts)

   [ring of protection]

   AC:        It affects your AC (+4).
   Int:       It affects your intelligence (+2).
   rElec:     It insulates you from electricity.
   +Blink:    It lets you blink.
 V - a ring of fire
   (You found it in a Gauntlet)
Wands
 w - a wand of digging (13)
   (You found it on level 12 of the Dungeon)
 x - a wand of mindburst (17)
   (You found it on level 2 of the Lair of Beasts)
 y - a wand of flame (36)
   (You found it on level 4 of the Dungeon)
 A - a wand of quicksilver (44)
   (You found it on level 5 of the Dungeon)
 M - a wand of roots (25)
   (You found it on level 8 of the Dungeon)
 U - a wand of charming (12)
   (You found it in a Gauntlet)
Scrolls
 b - 4 scrolls of identify
 d - 3 scrolls of blinking
 p - 3 scrolls of silence
 q - 8 scrolls of fog
 s - 2 scrolls of amnesia
 u - 5 scrolls of enchant armour
 B - 12 scrolls of teleportation
 D - 5 scrolls of fear
 I - 5 scrolls of magic mapping
 L - a scroll of brand weapon
 N - 2 scrolls of enchant weapon
 O - 3 scrolls of butterflies
 P - 2 scrolls of poison
Potions
 e - 10 potions of curing
 i - 4 potions of cancellation
 n - 5 potions of heal wounds
 o - 3 potions of resistance
 r - 7 potions of brilliance
 t - 5 potions of invisibility
 z - 7 potions of flight
 J - 3 potions of haste
 T - 2 potions of might
 X - a potion of berserk rage
Miscellaneous
 Q - a phantom mirror
   (You found it in a Gauntlet)


   Skills:
 * Level 17.4 Fighting
 + Level 12.7 Dodging
 + Level 20.0 Unarmed Combat


You had 15 spell levels left.
You didn't know any spells.
Your spell library contained the following spells:

 Spells                   Type           Power      Damage    Failure   Level
 Apportation              Tloc           0%         N/A       41%         1
 Foxfire                  Conj/Fire      0%         2x1d4     41%         1
 Freeze                   Ice            0%         1d3       41%         1
 Magic Dart               Conj           0%         1d3       41%         1
 Sting                    Tmut/Pois      0%         1d3       41%         1
 Blink                    Tloc           0%         N/A       54%         2
 Cigotuvi's Dreadful Rot  Necr/Pois/Air  0%         N/A       54%         2
 Lesser Beckoning         Tloc           0%         N/A       54%         2
 Momentum Strike          Conj/Tloc      0%         3d8       54%         2
 Poisonous Vapours        Pois/Air       0%         N/A       54%         2
 Searing Ray              Conj           0%         2d4       54%         2
 Frozen Ramparts          Ice            0%         1d1       78%         3
 Hailstorm                Conj/Ice       0%         3d3       78%         3
 Vhi's Electric Charge    Tloc/Air       0%         N/A       78%         3
 Anguish                  Hex/Necr       0%         N/A       99%         4
 Cause Fear               Hex            0%         N/A       99%         4
 Dispel Undead            Necr           0%         3d6       99%         4
 Fulminant Prism          Conj/Hex       0%         3d5       99%         4
 Ice Form                 Ice/Tmut       0%         N/A       99%         4
 Manifold Assault         Tloc           0%         N/A       99%         4
 Olgreb's Toxic Radiance  Pois           0%         N/A       99%         4
 Summon Ice Beast         Ice/Summ       0%         N/A       99%         4
 Alistair's Intoxication  Tmut/Pois      0%         N/A       100%        5
 Arcjolt                  Conj/Air       0%         1d10      100%        5
 Fireball                 Conj/Fire      0%         3d3       100%        5
 Death Channel            Necr           0%         N/A       100%        6
 Plasma Beam              Fire/Air       0%         2x1d11    100%        6
 Starburst                Conj/Fire      0%         6d3       100%        6
 Enfeeble                 Hex            0%         N/A       100%        7
 Storm Form               Tmut/Air       0%         N/A       100%        7
 Maxwell's Capacitive Co  Air            0%         ∞         100%        8


Dungeon Overview and Level Annotations

Branches:
Dungeon (15/15)            Temple (1/1) D:5            Lair (5/5) D:9
  Swamp (1/4) Lair:2       Spider (0/4) Lair:2          Orc (2/2) D:12
    Elf (0/3) Orc:2        Vaults (2/5) D:14         Depths (0/4) D:15
 Bailey (visited)         Volcano (visited)         Gauntlet (visited)
  Slime: Lair:4-5     Crypt: Vaults:2-3

Altars:
Ashenzari
Cheibriados
Dithmenos
Elyvilon
Fedhas
Gozag
Hepliaklqana
Kikubaaqudgha
Makhleb
Nemelex Xobeh
Okawaru
Qazlal
Ru
Sif Muna
Trog
Uskayaw
Vehumet
Wu Jian
Xom
Yredelemnul
Zin
The Shining One

Shops:
D:6 (   D:7 *   D:8 :   D:9 *   D:12 (   Orc:2 *?[?   Vaults:1 :

Annotations:
D:3 2 transporters, Huckebein's ghost, amateur NaWr
D:14 3 runed translucent doors, Ytheofip's ghost, journeyman FoFi
Lair:5 exclusion: oklob plant
Swamp:1 Roxanne


Innate Abilities, Weirdness & Mutations

You are too large for most types of armour.
You have claws for hands.
Your natural rate of healing is unusually fast.
You are covered in fur. (AC +1)
You have tough skin. (AC +1)


Message History

You eviscerate the green ugly thing!!!
The green ugly thing is severely wounded.
The green ugly thing kicks you but does no damage.
You eviscerate the green ugly thing!!!
You kill the green ugly thing!
Qazlal accepts your kill.
You hear a shout!
You hear a trumpeting!
No target in view!
No target in view!
You hear a shout!
Something unseen opens the door.
You sense a monster nearby.
A freezing wraith comes into view.
You hear a shout! x2
An ironbound preserver comes into view. It is wielding a +0 great mace.
The ironbound preserver shouts!
You hear a shout! x2
You mangle the freezing wraith!!
The freezing wraith is severely damaged.
An entropy weaver comes into view.
You mangle the freezing wraith!!
You destroy the freezing wraith!
Qazlal accepts your kill. 2 vault wardens, a vault sentinel and an ironbound convoker come into view.
A vault warden is wielding a +1 long sword of flaming.
A vault warden is wielding a +3 war axe of electrocution.
The vault warden shouts! x2; The vault sentinel shouts!
The entropy weaver closely misses you. The entropy weaver hits you!
You block the entropy weaver's attack. The entropy weaver closely misses you.
The vault warden activates a sealing rune.
A tengu reaver comes into view.
It is wielding a +2 long sword of electrocution, wearing a +3 scale mail of cold resistance and wearing a +2 buckler of fire resistance.
You take 8 damage, and have 175/183 hp.
You closely miss the entropy weaver.
You hear a screech!
You block the entropy weaver's attack. The entropy weaver barely misses you.
The entropy weaver hits you but does no damage.
The entropy weaver hits you!
The vault warden activates a sealing rune.
You take 6 damage, and have 169/183 hp.
You barely miss the entropy weaver.
A harpy comes into view.
You block the entropy weaver's attack. x2; The entropy weaver misses you.
The entropy weaver hits you.
The harpy moves out of view.
You take 1 damage, and have 168/183 hp.
You closely miss the entropy weaver.
The vault sentinel blows a loud note on a signal horn!
You hear a trumpeting!
You hear a shout! x2
You claw the entropy weaver!
The entropy weaver is lightly wounded.
The entropy weaver hits you.
You block the entropy weaver's attack. x2
The entropy weaver hits you.
A tengu reaver comes into view. It is wielding a +0 long sword.
You take 5 damage, and have 164/183 hp.
You barely miss the entropy weaver.
The entropy weaver is lightly wounded.
You hear a trumpeting!
You hear a shout!
You block the entropy weaver's attack. The entropy weaver hits you.
The entropy weaver hits you but does no damage. x2
You take 1 damage, and have 163/183 hp.
You scratch the entropy weaver.
The entropy weaver is moderately wounded.
You eviscerate the entropy weaver!!!
The entropy weaver is severely wounded.
The entropy weaver hits you.
The entropy weaver hits you but does no damage.
The entropy weaver closely misses you.
The entropy weaver completely misses you.
You take 1 damage, and have 163/183 hp.
You mangle the entropy weaver!!
You kill the entropy weaver!
Qazlal accepts your kill.
You hear a shout!
The vault sentinel blows a loud note on a signal horn!
Your Unarmed Combat skill increases to level 20!
You regained 2 hp, and now have 165/183 hp.
The tengu reaver casts a spell at you.
The bolt of acid is repelled.
The vault warden hits you with a +1 long sword of flaming!!
You feel protected from fire. The vault warden burns you.
There is an open door, spattered with blood here.
You take 25 damage, and have 140/183 hp.
You mangle the tengu reaver!!
The tengu reaver is moderately wounded.
The tengu reaver gestures at you while chanting.
The bolt of lightning is repelled.
The vault warden hits you with a +1 long sword of flaming!
The vault warden burns you.
You take 18 damage, and have 122/183 hp.
You claw the tengu reaver!
The tengu reaver is moderately wounded.
You block the tengu reaver's attack. The tengu reaver pecks you.
You block the tengu reaver's attack.
You take 3 damage, and have 119/183 hp.
You eviscerate the tengu reaver!!!
The tengu reaver is almost dead.
The ironbound preserver is engulfed in blazing flames.
The vault warden closely misses you.
You regained 2 hp, and now have 121/183 hp.
You closely miss the tengu reaver.
The tengu reaver is almost dead.
The tengu reaver casts a spell at you. The bolt of poison hits you!!
You are poisoned.
The vault warden hits you with a +1 long sword of flaming!
You feel more protected from fire. The vault warden burns you.
You take 42 damage, and have 79/183 hp.
MASSIVE DAMAGE!!
The tengu reaver attacks as you move away!
The tengu reaver completely misses you. The tengu reaver pecks you.
Your resistance to fire fades away.
You feel protected from physical attacks.
The tengu reaver barely misses you.
You feel very sick.
You hear a shout!
The tengu reaver gestures at you while chanting.
The bolt of cold hits you! You resist.
The vault warden activates a sealing rune.
You take 23 damage, and have 56/183 hp.
You feel very sick.
You take 2 damage, and have 54/183 hp.
As you read the scroll of fog, it crumbles to dust.
The scroll dissolves into smoke.
You feel very sick.
You hear a trumpeting!
The tengu reaver casts a spell at you. The bolt of negative energy hits you!!!
You feel drained.
* * * LOW HITPOINT WARNING * * *
You take 53 damage, and have 1/169 hp.
MASSIVE DAMAGE!!
You feel much better.
You feel sick.
You regained 25 hp, and now have 26/169 hp.
You mangle the tengu reaver!!
You kill the tengu reaver!
Qazlal accepts your kill.
You feel sick. The tengu reaver casts a spell at you.
The bolt of poison hits you!
You are more poisoned.
* * * LOW HITPOINT WARNING * * *
You take 13 damage, and have 13/173 hp.
You feel much better.
You feel very sick.
You regained 27 hp, and now have 40/173 hp.
The tengu reaver attacks as you move away!
The tengu reaver hits you with a +0 long sword!!
* * * LOW HITPOINT WARNING * * *
The tengu reaver completely misses you. The tengu reaver claws you.
* * * LOW HITPOINT WARNING * * *
You feel very sick.
The tengu reaver gestures at you while chanting.
The bolt of acid hits you!!
You die...

.. .#. ##....
#...#..
+#########pQ.....
.....§§§§§§pp....
.....§§§Q##pp.#..
#########§§§#
#....
#.......#§§@# .#.
#.......#§°§#
#.......#.§§#
#..#.......#.§.#
#..#.......#...#
#..#.......#...#
+..##'######...#
#..............#
#..[...........#


You could see a tengu reaver.

Vanquished Creatures
  2 tengu reavers
  An orc warlord (Bailey)
  3 vault wardens
  4 ironbound preservers (Vaults:1)
  2 very ugly things (D:15)
  2 eleionomae (Swamp:1)
  A bunyip (Swamp:1)
  3 dire elephants (Vaults:1)
  A minotaur (Gauntlet)
  A fire dragon (Lair:5)
  3 ettins
  Harold (D:11)
  A yaktaur captain (Vaults:1)
  An entropy weaver (Vaults:2)
  2 rakshasas (D:15)
  6 great orbs of eyes
  A ghost crab (Swamp:1)
  7 centaur warriors
  A vault guard (D:14)
  7 hydras
  An ironbound frostheart (Vaults:2)
  A death knight (D:14)
  2 boulder beetles
  4 two-headed ogres
  2 alligators (Swamp:1)
  11 death yaks (Lair:3)
  Urug (D:11)
  2 orc high priests (Orc:2)
  A spriggan (Swamp:1)
  2 skeletal warriors (Volcano)
  2 skysharks
  12 deep trolls (Vaults:1)
  4 lindwurms
  2 anaconda skeletons (Volcano)
  A glowing orange brain (D:15)
  2 ironbound convokers (Vaults:1)
  A harpy (Vaults:1)
  3 wizards
  A wolf spider zombie (D:14)
  A necromancer (Vaults:1)
  An orc sorcerer (Orc:2)
  16 ugly things
  9 orc knights
  A mana viper (shapeshifter) (D:15)
  A fire giant zombie (Vaults:1)
  2 manticores
  A toenail golem (Volcano)
  5 cyclopes
  6 elephants
  A moth of wrath (Gauntlet)
  A demonic crawler (Lair:5)
  4 vault sentinels (Vaults:1)
  11 black mambas
  An apocalypse crab (Gauntlet)
  2 molten gargoyles (Lair:5)
  5 gargoyles
  2 torpor snails
  An unseen horror zombie (D:9)
  10 cane toads
  5 rime drakes (Lair:2)
  12 komodo dragons
  3 efreet
  4 freezing wraiths
  9 yaktaurs
  A meliai (Lair:2)
  9 trolls
  3 hornets
  A polar bear (shapeshifter) (D:13)
  4 tyrant leeches
  A queen bee (shapeshifter) (D:8)
  2 polar bears
  A harpy skeleton (Volcano)
  5 blink frogs (Lair:1)
  An ettin zombie (Vaults:1)
  Prince Ribbit (D:7)
  4 dream sheep (Lair:1)
  A meliai zombie (D:14)
  2 centaur simulacra
  3 alligator skeletons (Volcano)
  Sigmund (D:4)
  3 flying skulls (Volcano)
  A shapeshifter (D:15)
  9 slime creatures
  A vampire (D:10)
  5 wyverns
  3 shadows
  2 wraiths
  10 humans (D:14)
  23 yaks
  12 basilisks
  13 steam dragons
  16 vampire mosquitoes
  8 wargs (Orc:2)
  Menkaure (D:5)
  7 swamp worms
  3 acid dragons
  Edmund (D:4)
  18 water moccasins
  5 hell hounds (Lair:5)
  A sky beast (D:8)
  A black bear (shapeshifter) (D:15)
  45 orc warriors
  6 ice beasts
  34 wolves
  2 black bears (D:7)
  4 ogres
  6 boggarts (Vaults:1)
  14 centaurs
  A phantom (D:5)
  A human skeleton (Vaults:1)
  2 kobold brigands
  16 bullfrogs
  2 gnoll sergeants (D:12)
  4 scorpions
  15 wights
  11 killer bees
  A troll skeleton (Volcano)
  6 howler monkeys
  3 spriggan skeletons (Volcano)
  4 electric eels
  5 lava snakes (Lair:5)
  3 hounds
  12 orc priests
  A sleepcap (D:5)
  4 iguanas
  13 orc wizards
  6 hell rats
  A killer bee zombie (D:9)
  A naga skeleton (Volcano)
  13 gnolls
  17 adders
  A shadow imp (D:6)
  4 white imps
  3 ufetubi
  A dart slug (D:3)
  72 orcs
  9 ball pythons
  5 bats
  7 endoplasms
  3 giant cockroaches
  16 goblins
  10 hobgoblins
  4 jackals (D:3)
  2 quokkas
  3 frilled lizards (D:3)
  23 kobolds
  5 rats
823 creatures vanquished.

Vanquished Creatures (others)
  A vault guard (D:14)
  A killer bee (Lair:2)
  A bush (Lair:4)
  35 fungi
  74 plants
  15 withered plants
127 creatures vanquished.

Grand Total: 950 creatures vanquished

Notes
Turn   | Place    | Note
-------+----------+-------------------------------------------
     0 | D:1      | GnoME the Troll Monk began the quest for the Orb.
     0 | D:1      | Reached XP level 1. HP: 22/22 MP: 0/0
   111 | D:1      | Reached XP level 2. HP: 29/29 MP: 1/1
   476 | D:1      | Reached XP level 3. HP: 36/36 MP: 2/2
  1106 | D:2      | Found a broken altar of Ashenzari.
  1771 | D:3      | Found a transporter.
  1782 | D:3      | Noticed Huckebein's ghost (amateur NaWr)
  1809 | D:3      | Found a transporter.
  1979 | D:3      | Reached XP level 4. HP: 43/45 MP: 3/3
  2004 | D:3      | Reached skill level 4 in Unarmed Combat
  2066 | D:3      | Noticed an ogre
  2080 | D:3      | Killed an ogre
  2081 | D:3      | Reached XP level 5. HP: 54/54 MP: 4/4
  2403 | D:4      | Reached XP level 6. HP: 54/62 MP: 5/5
  2786 | D:4      | Noticed Edmund
  2801 | D:4      | Killed Edmund
  2802 | D:4      | Reached skill level 5 in Unarmed Combat
  2855 | D:4      | Noticed Sigmund
  2860 | D:4      | Killed Sigmund
  2861 | D:4      | Reached XP level 7. HP: 71/71 MP: 6/6
  2918 | D:5      | Entered Level 5 of the Dungeon
  2995 | D:5      | Reached skill level 6 in Unarmed Combat
  3031 | D:5      | Reached skill level 5 in Fighting
  3085 | D:5      | Found a staircase to the Ecumenical Temple.
  3095 | Temple   | Entered the Ecumenical Temple
  3513 | Temple   | Became a worshipper of Qazlal Stormbringer
  3513 | Temple   | Reached * piety under Qazlal
  3513 | Temple   | Reached ** piety under Qazlal
  3563 | D:5      | Reached XP level 8. HP: 81/81 MP: 7/7
  3823 | D:5      | Noticed Menkaure
  3828 | D:5      | Killed Menkaure
  3829 | D:5      | Reached skill level 7 in Unarmed Combat
  4312 | D:6      | Found Sukulus's Weapon Boutique.
  4745 | D:6      | Found a hide-covered altar of Uskayaw.
  4747 | D:6      | Found a sparkling altar of Nemelex Xobeh.
  4752 | D:6      | Reached skill level 8 in Unarmed Combat
  5098 | D:7      | Found Miatoor's General Store.
  5116 | D:7      | Reached skill level 5 in Dodging
  5116 | D:7      | Reached XP level 9. HP: 92/92 MP: 8/8
  5465 | D:7      | Noticed Prince Ribbit
  5476 | D:7      | Killed Prince Ribbit
  5618 | D:7      | Reached skill level 9 in Unarmed Combat
  5855 | D:8      | Noticed a centaur warrior
  5861 | D:8      | Noticed a green ugly thing
  5864 | D:8      | Killed a centaur warrior
  5962 | D:8      | Reached *** piety under Qazlal
  5963 | D:8      | Reached XP level 10. HP: 91/104 MP: 9/9
  6078 | D:8      | Found a flagged portal.
  6092 | D:8      | Found Keygg's Book Shoppe.
  6094 | Bailey   | Entered a bailey
  6099 | Bailey   | Noticed an orc warlord
  6130 | Bailey   | Noticed an orc knight
  6134 | Bailey   | Reached skill level 10 in Unarmed Combat
  6145 | Bailey   | Killed an orc knight
  6185 | Bailey   | Found a runed translucent gate.
  6187 | Bailey   | Found a runed translucent gate.
  6189 | Bailey   | Acquired 1386 gold pieces
  6191 | Bailey   | Found a runed translucent gate.
  6461 | Bailey   | Killed an orc warlord
  6528 | Bailey   | Acquired the scarf "Plog" {repulsion, rC+ Str+2 Stlth+}
  6889 | D:8      | Killed a green ugly thing
  7007 | D:8      | Reached skill level 11 in Unarmed Combat
  7026 | D:8      | Identified the +3 hand axe "Xuroraav" {heavy, rN+ rCorr
                  | Dex+5}
  7026 | D:8      | Noticed a centaur warrior
  7028 | D:8      | Killed a centaur warrior
  7029 | D:8      | Reached XP level 11. HP: 115/115 MP: 10/10
  7041 | D:8      | Reached **** piety under Qazlal
  7078 | D:8      | Identified the staff of earth "Hagonoch" {+Blink Stlth+}
  7306 | D:9      | Found a staircase to the Lair.
  7413 | D:9      | Reached skill level 10 in Fighting
  7697 | D:9      | Found Takevoer's Elemental Accessories.
  7929 | Lair:1   | Entered Level 1 of the Lair of Beasts
  7948 | Lair:1   | Reached skill level 12 in Unarmed Combat
  8213 | Lair:1   | Reached ***** piety under Qazlal
  8246 | Lair:1   | Reached XP level 12. HP: 59/128 MP: 11/11
  8340 | Lair:1   | Reached skill level 13 in Unarmed Combat
  9274 | Lair:2   | Found a hole to the Spider Nest.
  9556 | Lair:2   | Found a staircase to the Swamp.
  9988 | Lair:3   | Reached skill level 14 in Unarmed Combat
 10059 | Lair:3   | Found a gate leading to a gauntlet.
 10070 | Gauntlet | Entered a Gauntlet
 10070 | Gauntlet | Found a transporter.
 10070 | Gauntlet | Found a transporter.
 10071 | Gauntlet | Found a transporter.
 10071 | Gauntlet | Found a transporter.
 10074 | Gauntlet | Found a transporter.
 10074 | Gauntlet | Found a transporter.
 10084 | Gauntlet | Found a transporter.
 10088 | Gauntlet | Found a transporter.
 10098 | Gauntlet | Found a transporter.
 10099 | Gauntlet | Noticed a reaper
 10109 | Gauntlet | Found a transporter.
 10126 | Gauntlet | Found a transporter.
 10130 | Gauntlet | Found a transporter.
 10361 | Gauntlet | Identified the ring of Arrival {Ice rPois}
 10438 | Gauntlet | Identified the +5 scale mail "Okkintio" {Int+2}
 10438 | Gauntlet | Identified the ring of Mistrust {Wiz rElec}
 10438 | Gauntlet | Noticed a minotaur
 10454 | Gauntlet | Killed a minotaur
 10470 | Gauntlet | Identified the +0 buckler of Insurance {Int+5 SInv}
 10549 | Lair:3   | Noticed a death yak
 10549 | Lair:3   | Noticed a death yak
 10549 | Lair:3   | Noticed a death yak
 10549 | Lair:3   | Noticed a death yak
 10549 | Lair:3   | Noticed a death yak
 10567 | Lair:3   | Noticed a death yak
 10575 | Lair:3   | Killed a death yak
 10576 | Lair:3   | Reached XP level 13. HP: 138/140 MP: 12/12
 10917 | Lair:3   | Reached ****** piety under Qazlal
 11466 | Lair:4   | Reached skill level 15 in Unarmed Combat
 11802 | Lair:4   | Found a dark tunnel.
 11813 | Volcano  | Entered a volcano
 12490 | Lair:4   | Acquired a manual of Unarmed Combat
 12980 | Lair:5   | Entered Level 5 of the Lair of Beasts
 13039 | Lair:5   | Reached XP level 14. HP: 26/153 MP: 13/13
 13136 | Lair:5   | Reached skill level 16 in Unarmed Combat
 13233 | Lair:5   | Reached skill level 10 in Dodging
 13409 | Lair:5   | Found a large runed translucent door.
 13409 | Lair:5   | Found a large runed translucent door.
 13505 | Lair:5   | Found the +8 whip "Snakebite" {venom, curare, rPois}
 14218 | Lair:5   | Identified the ring of Due Proportion {+Blink rElec AC+4
                  | Int+2}
 14573 | Swamp:1  | Entered Level 1 of the Swamp
 14671 | Swamp:1  | Reached skill level 17 in Unarmed Combat
 14817 | Swamp:1  | Identified Roxanne's Handbook of Configuration
 14817 | Swamp:1  | Noticed Roxanne
 15006 | D:10     | Entered Level 10 of the Dungeon
 15586 | D:11     | Noticed Harold
 15598 | D:11     | Killed Harold
 15755 | D:11     | Noticed Urug
 15766 | D:11     | Killed Urug
 15948 | D:11     | Found a stormy altar of Qazlal.
 16691 | D:12     | Found a staircase to the Orcish Mines.
 16691 | D:12     | Found Uqaepoagg's Weapon Boutique.
 16926 | D:12     | Reached XP level 15. HP: 165/165 MP: 14/14
 17074 | D:12     | Reached skill level 15 in Fighting
 17556 | Orc:1    | Entered Level 1 of the Orcish Mines
 17984 | Orc:2    | Entered Level 2 of the Orcish Mines
 18097 | Orc:2    | Found a staircase to the Elven Halls.
 18174 | Orc:2    | Reached skill level 18 in Unarmed Combat
 18266 | Orc:2    | Found Sireh's Magic Scroll Shop.
 18266 | Orc:2    | Found Gaohev's Armour Emporium.
 18318 | Orc:2    | Bought a scroll of teleportation for 51 gold pieces
 18318 | Orc:2    | Bought a scroll of teleportation for 51 gold pieces
 18318 | Orc:2    | Bought a scroll of enchant armour for 127 gold pieces
 18318 | Orc:2    | Bought a scroll of identify for 34 gold pieces
 18318 | Orc:2    | Bought a scroll of enchant armour for 127 gold pieces
 18318 | Orc:2    | Bought a scroll of identify for 34 gold pieces
 18372 | Orc:2    | Found Kowkuh's General Store.
 18372 | Orc:2    | Found Ychee's Magic Scroll Shop.
 18578 | Orc:2    | Bought a potion of curing for 51 gold pieces
 18578 | Orc:2    | Bought a potion of curing for 51 gold pieces
 18578 | Orc:2    | Bought a scroll of identify for 34 gold pieces
 18587 | Orc:2    | Bought a scroll of identify for 28 gold pieces
 18587 | Orc:2    | Bought a scroll of identify for 28 gold pieces
 18587 | Orc:2    | Bought a scroll of enchant armour for 105 gold pieces
 18587 | Orc:2    | Bought a scroll of identify for 28 gold pieces
 18587 | Orc:2    | Bought a scroll of identify for 28 gold pieces
 18587 | Orc:2    | Bought a scroll of identify for 28 gold pieces
 18587 | Orc:2    | Bought a scroll of blinking for 105 gold pieces
 20076 | D:14     | You are sucked into a shaft and drop 1 floor!
 20076 | D:15     | Entered Level 15 of the Dungeon
 20489 | D:15     | Found a staircase to the Depths.
 20771 | D:14     | Reached skill level 19 in Unarmed Combat
 21140 | D:14     | Reached XP level 16. HP: 180/180 MP: 15/15
 21176 | D:14     | Found a gate to the Vaults.
 21214 | D:14     | Found a runed translucent gate.
 21214 | D:14     | Found a runed translucent gate.
 21214 | D:14     | Found a runed translucent gate.
 21214 | D:14     | Noticed Ytheofip's ghost (journeyman FoFi)
 21249 | Vaults:1 | Entered Level 1 of the Vaults
 21659 | Vaults:1 | Noticed a tengu reaver
 21673 | Vaults:1 | HP: 8/182 [tengu reaver/+0 great sword (3)]
 21677 | Vaults:1 | Killed a tengu reaver
 21812 | Vaults:1 | Paralysed by a great orb of eyes for 5 turns
 22332 | Vaults:1 | Found Kingos Xuta's Book Emporium.
 22926 | Vaults:2 | Noticed a tengu reaver
 22931 | Vaults:2 | Noticed a tengu reaver
 22935 | Vaults:2 | Reached skill level 20 in Unarmed Combat
 22942 | Vaults:2 | HP: 1/169 [tengu reaver/bolt of negative energy (51)]
 22944 | Vaults:2 | Killed a tengu reaver
 22946 | Vaults:2 | Killed from afar by a tengu reaver

Illustrated notes

Levels and vault maps discovered:
D:1:      heliophobic_arrival_glass_houses, layout_loops_ring
D:2:      layout_basic, basic_altar
D:3:      layout_loops_ring, gammafunk_ghost_gnarly_gnolls, grunt_ministairs_12,
          corexii_shack
D:4:      layout_basic, sigmund_edmund_badplayer
D:5:      layout_loops_ring, minmay_temple_entry_junction,
          minmay_increasing_density, uniq_menkaure
D:6:      layout_loops_ring, nicolae_overflow_squiral, serial_shops,
          nicolae_shop_temple_entry_statues_fountains, nrook_campfire
D:7:      layout_basic, serial_shops, shop, uniq_prince_ribbit1
D:8:      minmay_the_grid_octo_triangle [minmay_the_grid_octo_teeth,
          minmay_the_grid_octo_prize_star,
          minmay_the_grid_octo_tetromino_candy], layout_loops_corners,
          serial_shops, shop, enter_bailey_5, chequers_serial_rivers_large_a
D:9:      layout_stronghold, david_lair_generic, serial_undead, serial_undead_c,
          serial_undead_d, serial_undead_f, serial_undead_b,
          nicolae_elemental_shop
D:10:     layout_basic, serial_ice, serial_ice_i, serial_ice_m, serial_ice_c,
          serial_ice_d, serial_ice_e, serial_ice_g
D:11:     layout_basic, nicolae_qazlal_scattered_showers, uniq_urug, uniq_harold
D:12:     layout_basic, orc_david_3, kennysheep_generic_room_7
D:13:     layout_stronghold, feat_on_display
D:14:     layout_gridville, ximxim_vaults_locker_room, serial_park_gazebo
          [serial_park_minivault_5x5_5], nicolae_yredelemnul_ghost_church
D:15:     gammafunk_enter_depths_forms, layout_basic, serial_bayou_shore_b
Temple:   mainiacjoe_temple_big_plus
Lair:1:   layout_cave_pods, grunt_forest_large_clearings
Lair:2:   layout_regular_city, minmay_swamp_entry_worms,
          hellmonk_spider_entry_not_the_bees, bobbens_dragon_lair_wall,
          grunt_megastairs_5
Lair:3:   layout_cellular_growth, gauntlet_entry_generic
Lair:4:   minmay_lair_venomous_thicket, layout_cave_pods,
          nicolae_volcano_entry_vermiform
Lair:5:   cheibrodos_lair_end_hotspot, layout_gridlike,
          minmay_slime_entry_oklob_enclosed, worms_lemuel
Swamp:1:  layout_falls_marsh, nicolae_swamp_very_dense_foliage,
          infiniplex_staircase_pool, uniq_frances, uniq_roxanne
Orc:1:    layout_diamond_mine, basic_altar
Orc:2:    st_orc_town, layout_diamond_mine, kennysheep_orc_chapel
Vaults:1: mu_enter_wizlab_5, vaults_room_door_ring,
          nicolae_vaults_disjoint_gnomons, v_rooms_4,
          grunt_vaults_hallway_short, hangedman_vaults_slice,
          vaults_dpeg_diagonal, nicolae_vaults_shock_wave,
          nicolae_vaults_two_Ls, v_alt_pattern_6,
          nicolae_vaults_heart-shaped_vault, hangedman_vaults_corner_blocks,
          hangedman_vaults_capsules, ontoclasm_vaults_hangar,
          layout_vaults_maze_snakey, serial_shops, shop
Vaults:2: ontoclasm_vaults_hangar, st_quartered_hall, v_pattern_3,
          nicolae_vaults_tetromino_T_1, hangedman_vaults_cutoff,
          nicolae_vaults_doubleplus_tesselated, vaults_room_door_ring,
          ontoclasm_vaults_ligature, nicolae_vaults_little_squares_2,
          nicolae_vaults_more_shelving_2, minmay_crypt_entry_simple_statues,
          vaults_room_corners, nicolae_vaults_back_hallway,
          vaults_mumra_minichess_inversion, layout_vaults_omnibox, serial_shops,
          nicolae_shop_mannequins

Skill      XL: |  1  2  3  4  5  6  7  8  9 10 11 12 13 14 15 16 |
---------------+-------------------------------------------------+-----
Fighting       | 3 4 5 6 8 9 10 12 13 14 16 17 | 17.4
Unarmed Combat | 4 5 6 8 9 11 12 14 15 17 19 20 | 20.0
Dodging        | 3 4 5 6 7 8 9 10 11 12 | 12.7

Action                     |  1- 3 |  4- 6 |  7- 9 | 10-12 | 13-15 | 16-18 || total
---------------------------+-------+-------+-------+-------+-------+-------++-------
  Melee: Unarmed           |    82 |    83 |   192 |   474 |  1005 |   272 ||  2108
         Morningstar       |       |       |       |       |    24 |       ||    24
  Throw: Dart              |       |       |       |     6 |       |       ||     6
         Javelin           |       |       |       |     4 |       |       ||     4
  Evoke: Wand              |       |       |     2 |    20 |       |       ||    22
    Use: Scroll            |       |       |    13 |     7 |    17 |     2 ||    39
         Potion            |       |       |       |     2 |       |     4 ||     6
 Armour: Robe              |    26 |    10 |     8 |       |       |       ||    44
         Steam dragon scal |       |       |    28 |   119 |   263 |    50 ||   460
  Dodge: Dodged            |    38 |    39 |    82 |   256 |   517 |   188 ||  1120
         Repelled          |       |       |       |     5 |     9 |     5 ||    19
  Block: Orb               |       |       |    13 |   132 |   376 |    82 ||   603
